 Dungeon Crawl Stone Soup version 0.20-a0-941-gba1b1f9 (webtiles) character file.

82893 4thArraOfDagon the Hand of Fortune (level 15, -6/110 HPs)
             Began as a Mummy Wanderer on Mar 31, 2017.
             Was the Champion of Nemelex Xobeh.
             Mangled by a deep elf blademaster
             ... wielding a +0 rapier
              (10 damage)
             ... on level 3 of the Elven Halls on Apr 1, 2017.
             The game lasted 01:42:20 (19148 turns).

4thArraOfDagon the Hand of Fortune (MuWn)          Turns: 19148, Time: 01:42:21

Health: -6/110     AC: 12    Str: 17    XL:     15   Next: 30%
Magic:  19/25      EV: 17    Int: 16    God:    Nemelex Xobeh [******]
Gold:   1786       SH:  0    Dex: 21    Spells: 14/14 levels left

rFire    x . .     SeeInvis .   B - +4 demon whip (elec)
rCold    + + .     Gourm    .   (no shield)
rNeg     + + +     Faith    .   h - +2 troll leather armour
rPois    ∞         Spirit   .   U - +1 hat
rElec    .         Reflect  .   d - scarf {rC+}
rCorr    +         Harm     .   W - +2 pair of gloves of Surprise {rCorr Str+3 Dex+2}
MR       ++...                  j - +0 pair of boots {run}
Stlth    ++........             w - amulet of regeneration
Regen    1.1/turn               p - ring of protection from magic
MPRegen  0.2/turn               u - +4 ring of dexterity

@: very slightly contaminated, quick
A: no food or potions, fire vulnerability, cold resistance 1, negative energy
resistance 3, torment resistance, unbreathing, in touch with death 1
a: Triple Draw, Deal Four, Stack Five, Renounce Religion


You were on level 3 of the Elven Halls.
You worshipped Nemelex Xobeh.
Nemelex Xobeh was exalted by your worship.
You were not hungry.

You visited 4 branches of the dungeon, and saw 26 of its levels.
You also visited: Volcano.

You collected 2789 gold pieces.
You spent 1003 gold pieces at shops.

Inventory:

Hand Weapons
 B - a +4 demon whip of electrocution (weapon)
 L - a +1 demon whip of draining
 V - the +5 great mace of Fear {vamp, rF+}
   (You bought it in a shop on level 2 of the Orcish Mines)

   It inflicts no extra harm, but heals its wielder when it wounds a living foe.
   It protects you from fire.
Missiles
 y - 7 curare-tipped needles
Armour
 d - a scarf of cold resistance (worn)
 h - a +2 troll leather armour (worn)
 j - a +0 pair of boots of running (worn)
 m - the +2 robe of Trog's Vengeance {rN+, unknown}
   (You found it in a volcano)

   It protects you from negative energy.
 s - a +2 plate armour of cold resistance
 U - a +1 hat (worn)
 W - the +2 pair of gloves of Surprise (worn) {rCorr Str+3 Dex+2}
   (You found it on level 3 of the Lair of Beasts)

   It affects your strength (+3).
   It affects your dexterity (+2).
   It protects you from acid and corrosion.
 Y - the +1 pair of gloves "Jyhiun" {rPois rF- Regen+ Int+7}
   (You found it on level 1 of the Lair of Beasts)

   It affects your intelligence (+7).
   It makes you vulnerable to fire.
   It protects you from poison.
   It increases your rate of regeneration.
Jewellery
 n - the ring "Todiq" {rCorr +Fly}
   (You found it on level 7 of the Dungeon)

   [ring of resist corrosion]

   It lets you fly.
 p - a ring of protection from magic (left hand)
 u - a +4 ring of dexterity (right hand)
 w - an amulet of regeneration (around neck)
 z - an uncursed amulet of the gourmand
 J - an uncursed ring of protection from cold {unknown}
 O - an uncursed ring of flight {unknown}
 S - the amulet of Xom's Malicious Joy {Gourm rF+ rN+ Stlth+, unknown}
   (You took it off a deep elf annihilator on level 3 of the Elven Halls)

   [amulet of the gourmand]

   It allows you to eat raw meat even when not hungry.
   It protects you from fire.
   It protects you from negative energy.
   It makes you more stealthy.
Wands
 f - a wand of disintegration (6/24)
 i - a wand of paralysis (20/24)
 q - a wand of digging (3/24)
 r - a wand of paralysis (7/24)
 C - a wand of random effects (21/48)
 F - a wand of random effects (12/48)
 G - a wand of flame (27/48)
 K - a wand of confusion (18/48)
 N - a wand of iceblast (4/15)
Scrolls
 a - 2 scrolls of fog {unknown}
 c - a scroll of blinking
 k - 4 scrolls of teleportation
 l - 11 scrolls of remove curse
 v - 8 scrolls of recharging
 A - 2 scrolls of amnesia
 D - 3 scrolls of immolation
 E - a scroll of summoning
 M - 2 scrolls of fear
 T - a scroll of enchant weapon
Books
 R - a book of Conjurations

   Spells                             Type                      Level
   a - Magic Dart                     Conjuration                  1
   b - Searing Ray                    Conjuration                  2
   c - Dazzling Spray                 Conjuration/Hexes            3
   d - Fulminant Prism                Conjuration/Hexes            4
   e - Force Lance                    Conjuration/Translocation    4
   f - Iskenderun's Mystic Blast      Conjuration                  4
Miscellaneous
 b - an ornate deck of summoning
 e - an ornate deck of summoning
 g - a legendary deck of destruction
 o - an ornate deck of escape
 x - a sack of spiders
 H - a fan of gales
 I - an ornate deck of escape
 Q - a legendary deck of destruction {drawn: 2}
 X - a box of beasts
 Z - an ornate deck of escape


   Skills:
 - Level 8.0 Fighting
 * Level 10.0(11.9) Maces & Flails
   Level 3.3(7.8) Polearms
   Level 10.9(12.5) Staves
 - Level 7.0 Armour
 - Level 7.0 Dodging
 - Level 1.5 Stealth
   Level 1.7 Hexes
   Level 2.4 Poison Magic
 + Level 14.3 Invocations


You had 14 spell levels left.
You didn't know any spells.

Dungeon Overview and Level Annotations

Branches:
Dungeon (15/15)            Temple (0/1) D:7            Lair (6/6) D:9
 Shoals (0/4) Lair:3        Snake (0/4) Lair:3        Slime (0/5) Lair:5
    Orc (2/2) D:10            Elf (3/3) Orc:2        Vaults (0/5) D:13
 Depths: D:15

Altars:
Cheibriados
Fedhas
Gozag
Makhleb
Nemelex Xobeh
Qazlal
Uskayaw
Zin
Beogh
Jiyva

Shops:
D:5 %   D:7 }   D:10 [=   D:12 :   Orc:2 (:?%   Elf:3 *

Portals:
Pandemonium: Orc:2

Annotations:
D:2 Ijyb


Innate Abilities, Weirdness & Mutations

You do not eat or drink.
Your flesh is vulnerable to fire.
You are immune to poison.
Your flesh is cold resistant. (rC+)
You are immune to negative energy. (rN+++)
You are immune to unholy pain and torment.
You can survive without breathing.
You are in touch with the powers of death.


Message History

Your hornet completely misses something.
Unknown command.
Unknown command.
Press: ? - help, v - describe, . - travel The floor.
Unknown command.
The hornet stings your hornet.
Your hornet seems to slow down.
Unknown command.
The hornet closely misses something.
Unknown command.
Unknown command.
Your hornet is no longer moving slowly.
Unknown command.
Unknown command.
Something hits you!
* * * LOW HITPOINT WARNING * * *
Something hits you!
You die...
Your body disappears without a glow.

**,,,,*,,.....###.....,
**,,,**,.............,
***,,**.............*
**,,*....).......(*
******.........***
**,.....,** ##*
####)#######
#.######y.y))W.yyyy
#.@.yyyyyy...)..yy.
#########y..y§)..§2
###(y.y(&y. ##.y§yy#)
#.<..e#. #.....#.
#######. #. #.


You could see 4 friendly hornets and 4 friendly killer bees.

Vanquished Creatures
  2 deep elf elementalists (Elf:3)
  A deep elf annihilator (Elf:3)
  5 hydras
  The ghost of Wendigo the Carver, a novice MiFi of the Shining One (D:8)
  2 two-headed ogres
  4 death yaks
  2 orc high priests (Orc:2)
  An infernal demonspawn (Orc:2)
  A gelid demonspawn (Orc:2)
  A lindwurm (Lair:6)
  A torturous demonspawn (Orc:2)
  3 orc knights
  2 deep elf magi
  2 orc sorcerers (Orc:2)
  4 manticores
  A cyclops (D:11)
  2 elephants
  A moth of wrath (Orc:2)
  5 black mambas
  3 gargoyles
  8 spiny frogs
  2 rime drakes
  3 kobold demonologists (D:14)
  6 komodo dragons
  A tengu conjurer (D:14)
  5 trolls
  A red devil (Orc:2)
  3 polar bears
  6 dream sheep
  3 blink frogs
  11 hippogriffs
  A meliai zombie (D:13)
  An air elemental (Elf:1)
  A wyvern (D:9)
  A wraith (D:12)
  A ynoxinul (Orc:2)
  39 yaks
  A basilisk (Lair:6)
  A fire elemental (Volcano)
  3 hungry ghosts
  3 wargs
  A hell hound (Orc:2)
  7 porcupines
  14 water moccasins
  4 sky beasts
  A hornet zombie (D:10)
  5 ice beasts
  26 orc warriors
  4 eyes of draining
  A necrophage (D:11)
  2 phantoms (D:10)
  3 wolves (Lair:3)
  21 centaurs
  2 ogres
  6 crocodiles
  A bullfrog (shapeshifter) (D:12)
  4 big kobolds
  12 bullfrogs
  An earth elemental (Elf:3)
  3 scorpions
  12 killer bees
  7 wights (D:11)
  An electric eel (Lair:6)
  2 howler monkeys (D:11)
  6 crimson imps
  3 centaur zombies
  3 jellies
  A quasit (D:12)
  4 hounds
  24 orc priests
  14 orc wizards
  4 bullfrog skeletons
  3 centaur skeletons
  2 iguanas
  Natasha (twice) (D:2)
  2 worker ants
  A hound zombie (D:11)
  A hound skeleton (D:5)
  3 river rats (D:8)
  A worker ant zombie (D:5)
  11 adders
  An ooze (D:1)
  2 adder zombies (D:5)
  An adder skeleton (D:5)
  3 dart slugs
  2 worms
  5 leopard geckos
  79 orcs
  A ball python (D:3)
  9 bats
  A giant cockroach (D:2)
  17 goblins
  10 hobgoblins
  13 jackals
  20 kobolds
  3 quokkas
  10 frilled lizards
  6 rats
  A crawling corpse (Elf:3)
  8 fungi
  13 plants
575 creatures vanquished.

Vanquished Creatures (collateral kills)
  A deep elf blademaster (Elf:3)
  A deep elf master archer (Elf:3)
  Gastronok (D:10)
  3 deep elf sorcerers (Elf:3)
  An orc warlord (D:10)
  3 deep elf elementalists (Elf:3)
  An entropy weaver (Lair:6)
  5 deep elf annihilators (Elf:3)
  Azrael (Orc:2)
  The ghost of Ratty the Fighter, a journeyman MiBe of Trog (Lair:1)
  2 deep elf death magi (Elf:3)
  2 deep elf high priests (Elf:3)
  A hydra (Lair:6)
  3 vault guards (D:13)
  A centaur warrior (D:13)
  2 two-headed ogres
  2 death yaks
  A tengu warrior (D:14)
  Urug (D:10)
  3 dancing weapons (Elf:3)
  6 orc high priests
  A sun demon (Orc:2)
  A large abomination (Elf:3)
  A torturous demonspawn (Orc:2)
  Pikel (D:6)
  A lindwurm (shapeshifter) (D:10)
  A lindwurm (Lair:6)
  2 orc knights (Orc:2)
  4 orc sorcerers
  A mana viper (Lair:4)
  A manticore (D:12)
  An ugly thing (D:13)
  An elephant (Lair:6)
  3 black mambas
  3 merfolk sirens (Lair:3)
  A guardian serpent (Lair:4)
  A gargoyle (D:10)
  A centaur skeleton (D:13)
  A smoke demon (Orc:2)
  A rime drake (Lair:4)
  A tengu conjurer (D:13)
  A komodo dragon (Lair:2)
  3 trolls
  A merfolk (Lair:3)
  3 blink frogs (Lair:3)
  2 hippogriffs
  8 dream sheep
  A snapping turtle (D:8)
  9 yaks
  A wyvern (Lair:4)
  A golden eye (Lair:6)
  4 fire elementals (Orc:2)
  A steam dragon (Lair:4)
  A vampire mosquito (D:13)
  A basilisk (D:9)
  A soldier ant (D:13)
  An acid dragon (D:10)
  A water moccasin (Lair:4)
  2 porcupines
  3 hell hounds (Orc:2)
  2 ice beasts (D:7)
  7 orc warriors
  2 phantoms
  4 slaves (D:6)
  3 ogres
  2 centaurs
  2 crocodiles
  A big kobold (D:10)
  4 bullfrogs
  A scorpion (D:4)
  4 killer bees
  2 wights
  Crazy Yiuf (D:7)
  A bullfrog skeleton (D:6)
  7 orc priests
  6 orc wizards
  An iguana (D:6)
  2 worker ants
  A hound skeleton (D:7)
  A worker ant zombie (D:4)
  2 shadow imps
  2 leopard geckos
  38 orcs
  A hobgoblin (D:2)
  A bat (D:2)
  A jackal skeleton (D:4)
  6 kobolds (D:10)
  2 crawling corpses (Elf:3)
  A fungus (Lair:3)
223 creatures vanquished.

Vanquished Creatures (others)
  Rupert (Lair:4)
  A hippogriff (D:9)
  An orc warrior (Orc:2)
  A centaur (D:5)
  A howler monkey zombie (D:10)
  A ball lightning (Lair:5)
  4 orcs
  2 fungi (Lair:6)
  3 plants
15 creatures vanquished.

Grand Total: 813 creatures vanquished

Notes
Turn   | Place    | Note
-------+----------+-------------------------------------------
     0 | D:1      | 4thArraOfDagon the Mummy Wanderer began the quest for the Orb.
     0 | D:1      | 4thArraOfDagon set off with: a +2 dagger, a scroll of fear, the Compendium of Flight, a +0 spear, a +0 robe
     0 | D:1      | Reached XP level 1. HP: 15/15 MP: 1/1
     0 | D:1      | Identified the Compendium of Flight
    92 | D:2      | Reached skill level 1 in Polearms
   116 | D:3      | Found a sparkling altar of Nemelex Xobeh.
   170 | D:3      | Became a worshipper of Nemelex Xobeh the Trickster
   205 | D:3      | Reached XP level 2. HP: 17/21 MP: 2/2
   274 | D:4      | Received a gift from Nemelex Xobeh
   373 | D:4      | Reached skill level 1 in Invocations
   374 | D:4      | Noticed a scorpion
   376 | D:4      | Killed a scorpion
   376 | D:4      | Reached XP level 3. HP: 10/26 MP: 2/4
   402 | D:4      | Reached skill level 2 in Invocations
   405 | D:4      | Reached XP level 4. HP: 15/32 MP: 5/5
   494 | D:5      | Entered Level 5 of the Dungeon
   498 | D:6      | Noticed a sky beast
   499 | D:6      | Noticed a chaos spawn
   591 | D:6      | Reached * piety under Nemelex Xobeh
   629 | D:6      | Noticed a centaur
   643 | D:6      | Killed a centaur
   643 | D:6      | Reached skill level 3 in Invocations
   643 | D:6      | Reached XP level 5. HP: 5/37 MP: 7/7
   665 | D:7      | Noticed a phantom
   669 | D:7      | Killed a phantom
   706 | D:7      | Got a transparent pewter ring
   707 | D:7      | Identified the ring "Todiq" {rCorr +Fly} (You found it on level 7 of the Dungeon)
   758 | D:7      | Found a runed door.
   762 | D:7      | Noticed Crazy Yiuf
   767 | D:7      | Killed Crazy Yiuf
   785 | D:7      | Noticed an ice beast
   792 | D:7      | Killed an ice beast
   792 | D:7      | Reached XP level 6. HP: 27/43 MP: 8/8
   804 | D:7      | Noticed an ice beast
   810 | D:7      | Killed an ice beast
   810 | D:7      | Reached skill level 1 in Staves
   810 | D:7      | Reached skill level 4 in Invocations
   832 | D:7      | Noticed an ice beast
   834 | D:7      | Noticed an ice beast
   839 | D:7      | Killed an ice beast
   844 | D:7      | Killed an ice beast
   854 | D:7      | Found a staircase to the Ecumenical Temple.
   884 | D:7      | Noticed a chaos spawn
   892 | D:7      | Reached XP level 7. HP: 20/48 MP: 10/10
   893 | D:7      | HP: 2/48 [chaos spawn[the player character] (14)]
   896 | D:7      | Found Ucuj Qeom's Gadget Shop.
   920 | D:6      | Noticed Pikel
   921 | D:6      | HP: 1/48 [slave[Pikel] (6)]
   937 | D:6      | Killed Pikel
   937 | D:6      | Reached skill level 5 in Invocations
  1042 | D:6      | Noticed a wyvern
  1165 | D:6      | Reached ** piety under Nemelex Xobeh
  1165 | D:6      | Received a gift from Nemelex Xobeh
  1341 | D:5      | Reached XP level 8. HP: 32/54 MP: 12/12
  1804 | D:5      | Reached skill level 1 in Armour
  1868 | D:6      | Reached skill level 6 in Invocations
  2755 | D:1      | Reached *** piety under Nemelex Xobeh
  2979 | D:1      | Received a gift from Nemelex Xobeh
  3573 | D:2      | Noticed Natasha
  3587 | D:2      | Killed Natasha
  3588 | D:2      | Noticed Ijyb
  3637 | D:2      | Noticed Natasha
  3645 | D:2      | Killed Natasha
  3670 | D:2      | Found a glowing silver altar of Zin.
  3671 | D:2      | Found an opulent altar of Gozag.
  3856 | D:3      | Found a stormy altar of Qazlal.
  3857 | D:3      | Found a blossoming altar of Fedhas.
  4160 | D:3      | Received a gift from Nemelex Xobeh
  4336 | D:3      | Found a faded altar of an unknown god.
  4745 | D:4      | Found a snail-covered altar of Cheibriados.
  4745 | D:4      | Found a hide-covered altar of Uskayaw.
  4810 | D:5      | Found Qoheufas's Food Boutique.
  5039 | D:5      | Reached skill level 5 in Staves
  5104 | D:6      | Reached **** piety under Nemelex Xobeh
  5448 | D:8      | Reached skill level 7 in Invocations
  5448 | D:8      | Reached XP level 9. HP: 56/59 MP: 14/14
  5455 | D:8      | Received a gift from Nemelex Xobeh
  5622 | D:8      | Noticed Maurice
  5627 | D:8      | Noticed Maurice
  5627 | D:8      | Maurice changed into Maurice the water moccasin
  5634 | D:8      | Killed Maurice the water moccasin
  5652 | D:8      | Noticed a two-headed ogre
  5655 | D:8      | a two-headed ogre changed into a snapping turtle
  5733 | D:8      | Noticed Wendigo's ghost (novice MiFi)
  5740 | D:8      | Killed Wendigo's ghost
  5792 | D:8      | Reached skill level 8 in Invocations
  6002 | D:8      | Noticed a two-headed ogre
  6017 | D:8      | Killed a two-headed ogre
  6079 | D:8      | Reached XP level 10. HP: 56/70 MP: 16/16
  6260 | D:8      | Found a burning altar of Makhleb.
  6298 | D:9      | Noticed a two-headed ogre
  6300 | D:9      | Killed a two-headed ogre
  6674 | D:9      | Found a staircase to the Lair.
  6681 | D:9      | Noticed an elephant
  6745 | D:9      | Received a gift from Nemelex Xobeh
  7063 | D:10     | Entered Level 10 of the Dungeon
  7080 | D:10     | Reached skill level 9 in Invocations
  7083 | D:10     | Found Xahainycs's Jewellery Shop.
  7095 | D:10     | Noticed a gargoyle
  7160 | D:10     | Received a gift from Nemelex Xobeh
  7347 | D:11     | Reached XP level 11. HP: 67/78 MP: 18/18
  7582 | D:12     | Received a gift from Nemelex Xobeh
  7643 | D:12     | Reached skill level 5 in Fighting
  7653 | D:12     | Reached skill level 5 in Armour
  7848 | D:13     | Reached ***** piety under Nemelex Xobeh
  7849 | D:13     | Received a gift from Nemelex Xobeh
  7849 | D:13     | Noticed an eight-headed hydra
  7878 | D:13     | Noticed a brown ugly thing
  8024 | D:13     | Noticed a green ugly thing
  8037 | D:13     | murphy: No matter if novice or master No matter if fighter or caster No matter how cunning And fast you are running 4thArraOfDagon is faster!
  8038 | D:13     | Noticed a vault guard
  8038 | D:13     | Noticed a centaur warrior
  8038 | D:13     | murphy: ;)
  8043 | D:13     | Killed a vault guard
  8048 | D:13     | Killed a centaur warrior
  8048 | D:13     | Reached skill level 10 in Invocations
  8049 | D:13     | Noticed a vault guard
  8056 | D:13     | Noticed a vault guard
  8061 | D:13     | Killed a vault guard
  8065 | D:13     | timbw: hi
  8068 | D:13     | murphy: hi
  8072 | D:13     | Killed a green ugly thing
  8076 | D:13     | 4thArraOfDagon: hi
  8094 | D:13     | Found a gate to the Vaults.
  8133 | D:13     | Noticed a vault guard
  8150 | D:13     | Killed a vault guard
  8171 | D:13     | Noticed a two-headed ogre
  8172 | D:13     | Received a gift from Nemelex Xobeh
  8183 | D:13     | Killed a two-headed ogre
  8183 | D:13     | Reached skill level 5 in Dodging
  8285 | D:13     | back
  8400 | D:13     | Killed an eight-headed hydra
  8493 | D:14     | Noticed a four-headed hydra
  8502 | D:14     | Noticed a tengu warrior
  8508 | D:14     | Killed a tengu warrior
  8561 | D:15     | Entered Level 15 of the Dungeon
  8561 | D:15     | Noticed a purple ugly thing
  8561 | D:15     | Noticed a purple ugly thing
  8561 | D:15     | Noticed a purple ugly thing
  8561 | D:15     | Noticed a purple ugly thing
  8563 | D:15     | Noticed a purple ugly thing
  8785 | D:14     | Reached XP level 12. HP: 88/88 MP: 19/19
  8836 | D:14     | Noticed a two-headed hydra
  8991 | D:12     | Found Debuju's Book Emporium.
  8991 | D:12     | Received a gift from Nemelex Xobeh
  9527 | D:12     | lol
  9571 | D:11     | Received a gift from Nemelex Xobeh
  9747 | D:10     | You fall through a shaft!
  9933 | D:11     | Noticed a two-headed ogre
  9945 | D:11     | Killed a two-headed ogre
 10418 | D:10     | Reached skill level 11 in Invocations
 10438 | D:10     | Found Kigufo's Armour Shoppe.
 10476 | D:10     | Received a gift from Nemelex Xobeh
 10534 | D:10     | Noticed Gastronok
 10549 | D:10     | Killed Gastronok
 10664 | D:10     | Found a roughly hewn altar of Beogh.
 10664 | D:10     | Found a staircase to the Orcish Mines.
 10664 | D:10     | Noticed Urug
 10690 | D:10     | Killed Urug
 10733 | D:10     | Reached skill level 10 in Staves
 11179 | D:10     | Noticed an orc warlord
 11192 | D:10     | Killed an orc warlord
 11685 | Orc:1    | Entered Level 1 of the Orcish Mines
 11726 | Orc:1    | Paralysed by an orc sorcerer for 7 turns
 11781 | Orc:1    | Received a gift from Nemelex Xobeh
 12111 | Orc:2    | Entered Level 2 of the Orcish Mines
 12240 | Orc:2    | Gained mutation: You are in touch with the powers of death. [Mummy growth]
 12240 | Orc:2    | Reached XP level 13. HP: 45/96 MP: 21/21
 12291 | Orc:2    | Noticed Azrael
 12301 | Orc:2    | Killed Azrael
 12542 | Orc:2    | Found a staircase to the Elven Halls.
 12735 | Orc:2    | Received a gift from Nemelex Xobeh
 12873 | Orc:2    | Found Quleupoh's Magic Scroll Emporium.
 12874 | Orc:2    | Found Bulidoj's Food Shoppe.
 13004 | Orc:2    | Bought a scroll of magic mapping for 49 gold pieces
 13004 | Orc:2    | Bought a scroll of magic mapping for 49 gold pieces
 13004 | Orc:2    | Bought a scroll of magic mapping for 49 gold pieces
 14029 | Orc:2    | Reached skill level 12 in Invocations
 14134 | Orc:2    | Reached skill level 1 in Maces & Flails
 14169 | Orc:2    | Found Zuadas's Antique Weapon Boutique.
 14169 | Orc:2    | Found a one-way gate leading to the halls of Pandemonium.
 14169 | Orc:2    | Found Walo's Book Shop.
 14173 | Orc:2    | Bought a steaming great mace for 356 gold pieces
 14173 | Orc:2    | Bought a faintly glowing quarterstaff for 279 gold pieces
 14175 | Orc:2    | Identified the +5 great mace of Fear {vamp, rF+} (You bought it in a shop on level 2 of the Orcish Mines)
 14176 | Orc:2    | Identified the +6 quarterstaff of Vydes {drain, rC+ Int+4 Stlth+} (You bought it in a shop on level 2 of the Orcish Mines)
 14214 | Orc:2    | Bought a scroll of identify for 28 gold pieces
 14214 | Orc:2    | Bought a scroll of teleportation for 42 gold pieces
 14214 | Orc:2    | Bought a scroll of identify for 28 gold pieces
 14214 | Orc:2    | Bought a scroll of enchant weapon for 105 gold pieces
 14310 | Lair:1   | Entered Level 1 of the Lair of Beasts
 14310 | Lair:1   | Received a gift from Nemelex Xobeh
 14352 | Lair:1   | Reached ****** piety under Nemelex Xobeh
 14390 | Lair:1   | Noticed Ratty's ghost (journeyman MiBe)
 14396 | Lair:1   | Killed Ratty's ghost
 14486 | Lair:1   | Got a pair of scorched gloves
 14497 | Lair:1   | Identified the +1 pair of gloves "Jyhiun" {rPois rF- Regen+ Int+7} (You found it on level 1 of the Lair of Beasts)
 14618 | Lair:1   | Received a gift from Nemelex Xobeh
 14845 | Lair:1   | Got a creamy pearl robe
 14846 | Lair:1   | Identified the +1 robe of a Thousand Beggars {rElec Str+3} (You found it on level 1 of the Lair of Beasts)
 14952 | Lair:2   | Received a gift from Nemelex Xobeh
 14975 | Lair:2   | Found a dark tunnel.
 14984 | Volcano  | Entered a volcano
 15044 | Volcano  | Got a heavy robe
 15174 | Lair:2   | Identified a +0 pair of boots of running (You found it in a volcano)
 15174 | Lair:2   | Identified a scroll of acquirement
 15182 | Lair:2   | Got a steaming chain mail
 15183 | Lair:2   | Identified the +1 chain mail "Keodigau" {*Contam rPois rCorr Int+5} (You acquired it on level 2 of the Lair of Beasts)
 15184 | Lair:2   | :(
 15218 | Lair:2   | Received a gift from Nemelex Xobeh
 15780 | Lair:3   | Found a staircase to the Snake Pit.
 15780 | Lair:3   | Received a gift from Nemelex Xobeh
 15793 | Lair:3   | HP: 2/98 [porcupine's spines (9)]
 15907 | Lair:3   | Found a staircase to the Shoals.
 16023 | Lair:3   | Reached XP level 14. HP: 103/105 MP: 23/23
 16064 | Lair:3   | Identified the +2 pair of gloves of Surprise {rCorr Str+3 Dex+2} (You found it on level 3 of the Lair of Beasts)
 16117 | Lair:3   | Received a gift from Nemelex Xobeh
 16360 | Lair:3   | Received a gift from Nemelex Xobeh
 16512 | Lair:6   | Entered Level 6 of the Lair of Beasts
 16554 | Lair:6   | Reached skill level 5 in Maces & Flails
 16554 | Lair:6   | Reached skill level 13 in Invocations
 16624 | Lair:6   | Received a gift from Nemelex Xobeh
 16878 | Lair:5   | Received a gift from Nemelex Xobeh
 17576 | Lair:6   | Noticed an entropy weaver
 17576 | Lair:6   | a catoblepas changed into an entropy weaver
 17582 | Lair:6   | Killed an entropy weaver
 17592 | Lair:6   | Received a gift from Nemelex Xobeh
 17636 | Lair:6   | Got a scorched copper ring
 17647 | Lair:6   | Identified the ring "Suhonnilef" {rPois rN+ Str+4 Slay-5} (You found it on level 6 of the Lair of Beasts)
 17904 | Lair:5   | Received a gift from Nemelex Xobeh
 17994 | Lair:5   | Found a viscous altar of Jiyva.
 17995 | Lair:5   | Found a staircase to the Slime Pits.
 18090 | Lair:4   | Noticed Rupert
 18101 | Lair:4   | Killed Rupert
 18160 | Lair:4   | Received a gift from Nemelex Xobeh
 18625 | Elf:1    | Entered Level 1 of the Elven Halls
 18692 | Elf:2    | Reached skill level 14 in Invocations
 18699 | Elf:3    | Entered Level 3 of the Elven Halls
 18699 | Elf:3    | Received a gift from Nemelex Xobeh
 18699 | Elf:3    | Found Dopnihics's Assorted Antiques.
 18903 | Elf:3    | Bought a scroll labeled ANNYOL VOHO for 18 gold pieces
 18924 | Elf:2    | murphy: whenever i watch your games u are doing elves...
 18932 | Elf:3    | murphy: do u find it very easy/rewarding?
 18950 | Elf:3    | Noticed a deep elf elementalist
 18958 | Elf:3    | Noticed a deep elf sorcerer
 18959 | Elf:3    | Noticed a deep elf master archer
 18972 | Elf:3    | Killed a deep elf master archer
 18972 | Elf:3    | Reached XP level 15. HP: 110/110 MP: 25/25
 18973 | Elf:3    | 4thArraOfDagon: yea
 18973 | Elf:3    | 4thArraOfDagon: it can break the game
 18979 | Elf:3    | murphy: if u find something good?
 18980 | Elf:3    | Killed a deep elf sorcerer
 18981 | Elf:3    | murphy: or for the xp?
 18990 | Elf:3    | murphy: do u still have rf-
 19024 | Elf:3    | Got a flickering steel amulet
 19065 | Elf:3    | 4thArraOfDagon: yea
 19065 | Elf:3    | 4thArraOfDagon: rf-
 19065 | Elf:3    | 4thArraOfDagon: and no skill
 19087 | Elf:3    | Noticed a deep elf blademaster
 19099 | Elf:3    | Noticed a deep elf sorcerer
 19105 | Elf:3    | Killed a deep elf blademaster
 19111 | Elf:3    | Killed a deep elf sorcerer
 19133 | Elf:3    | Noticed a deep elf sorcerer
 19138 | Elf:3    | Noticed a deep elf blademaster
 19141 | Elf:3    | Killed a deep elf sorcerer
 19141 | Elf:3    | Reached skill level 10 in Maces & Flails
 19143 | Elf:3    | murphy: that panlord looks cool
 19148 | Elf:3    | HP: 4/110 [something (11)]
 19148 | Elf:3    | Mangled by a deep elf blademaster

Vault maps used:
D:1:      lightli_arrival_quake
D:2:      kennysheep_the_goblin_king, grunt_temple_overflow_gold_and_silver,
          serial_forest, infiniplex_forest_straight_4,
          infiniplex_forest_lined_2, infiniplex_forest_clump_small,
          infiniplex_forest_clump_tiny, infiniplex_forest_straight_4,
          infiniplex_forest_clump_tiny, infiniplex_forest_join,
          infiniplex_forest_clump_tiny, uniq_natasha
D:3:      grunt_temple_overflow_forces_of_nature, serial_aquarium,
          aquarium_bridge_island_small, aquarium_window_2,
          aquarium_window_corner, aquarium_view_2d, aquarium_balcony_1a,
          aquarium_pool_S, chequers_ecumenical_altar_lobes,
          nemelex_lonely_heart_becter
D:4:      gammafunk_temple_overflow_wave
D:5:      cheibrodos_thug_alley, first_bread, serial_shops, shop
D:6:      grunt_dithmenos_smoke, uniq_pikel
D:7:      minmay_temple_entry_junction_2, serial_shops, shop,
          uniq_crazy_yiuf_cottage
D:8:      makhleb_grotto_becter, uniq_maurice
D:9:      david_lair_generic
D:10:     david_orc_5, serial_shops, shop, nicolae_shop_behind_doors, uniq_urug,
          uniq_gastronok
D:12:     serial_shops, shop
D:13:     lightli_vaults_fourway_checkpoint
D:14:     nemelex_xobeh_ov_fountains_minmay, hangedman_ranch
D:15:     grunt_enter_depths_magical_seal, kennysheep_pointless_box,
          minmay_misc_feat_ornament, lemuel_hellish_altar, uniq_kirke
Lair:1:   grunt_megastairs_2
Lair:2:   wad_woods_structure_01, nicolae_volcano_entry_hallway
Lair:3:   elwin_shoals_entry_stream, dummy_snake_entry, grunt_megastairs_4
Lair:4:   st_stairs_13, uniq_rupert
Lair:5:   dpeg_slime_entry_enclosed_altar, infiniplex_staircase_pool_2
Lair:6:   hangedman_lair_in_review
Orc:1:    serial_shops
Orc:2:    pf_orc_diabolical, uniq_azrael
Elf:1:    kennysheep_underground_church, serial_sigils_hangedman_gut,
          lemuel_flamethrower_1, uniq_louise
Elf:3:    nooodl_elf_gasket, serial_shops, shop, uniq_aizul
Volcano:  volcano_overflow

Skill      XL: |  1  2  3  4  5  6  7  8  9 10 11 12 13 14 15 |
---------------+----------------------------------------------+-----
Polearms       | 1 2 3 |  3.3
Invocations    | 1 2 3 4 5 7 8 9 10 11 12 14 | 14.3
Staves         | 2 4 5 6 7 9 10 | 10.9
Armour         | 2 3 4 5 6 7 |  7.0
Dodging        | 2 3 4 5 6 7 |  7.0
Fighting       | 3 4 6 7 8 |  8.0
Maces & Flails | 4 8 10 | 10.0
Stealth        | |  1.5
Hexes          | |  1.7
Poison Magic   | |  2.4

Action                   |  1- 3 |  4- 6 |  7- 9 | 10-12 | 13-15 || total
-------------------------+-------+-------+-------+-------+-------++-------
Melee: Dagger            |    56 |    17 |       |       |       ||    73
       Quarterstaff      |       |     8 |   464 |   951 |   275 ||  1698
       Great mace        |       |       |       |       |   238 ||   238
       Demon whip        |       |       |       |       |   465 ||   465
Invok: Triple Draw       |       |       |       |     3 |       ||     3
       Deal Four         |       |       |       |       |     2 ||     2
Evoke: Deck              |     2 |     7 |    29 |    44 |    79 ||   161
       Wand              |       |       |       |     3 |     1 ||     4
       Sack of spiders   |       |       |       |     1 |       ||     1
  Use: Scroll            |       |       |     1 |    18 |    22 ||    41
 Stab: Distracted        |       |     2 |       |     1 |     3 ||     6
       Petrifying        |       |     1 |       |     7 |       ||     8
       Paralysed         |       |       |     1 |    16 |     2 ||    19
       Confused          |       |       |     1 |     2 |       ||     3
       Petrified         |       |       |       |    11 |     4 ||    15
       Sleeping          |       |       |       |     7 |     7 ||    14
Armor: Scale mail        |    14 |    21 |   224 |    23 |       ||   282
       Troll leather arm |       |       |       |   267 |   172 ||   439
Dodge: Dodged            |    23 |    21 |   215 |   667 |   635 ||  1561
